 Dungeon Crawl Stone Soup version 0.19-a0-517-gd6a9987 (webtiles) character file.

44 namelastname112 the Gusty (level 3, -5/19 HPs)
             Began as a Tengu Air Elementalist on June 6, 2016.
             Shot with a stone by a goblin (8 damage)
             ... on level 2 of the Dungeon.
             The game lasted 00:01:05 (857 turns).

namelastname112 the Gusty (Tengu Air Elementalist)   Turns: 857, Time: 00:01:06

Health: -5/19      AC:  2    Str:  8    XL:     3   Next: 60%
Magic:  0/7        EV: 12    Int: 16    God:
Gold:   73         SH:  0    Dex: 14    Spells: 2 memorised, 3 levels left

rFire  . . .     SeeInvis .     (no weapon)
rCold  . . .     Gourm    .     a - +0 robe
rNeg   . . .     Faith    .     (no shield)
rPois  .         Spirit   .     (helmet restricted)
rElec  .         Dismiss  .     (no cloak)
rCorr  .         Reflect  .     (no gloves)
SustAt .         Harm     .     (boots unavailable)
MR     .....                    (no amulet)
Stlth  ++........               (no ring)
                                (no ring)

@: very slightly contaminated, repel missiles, not resistant to hostile
enchantments, unstealthy
A: beak, talons 3
a: no special abilities


You were on level 2 of the Dungeon.
You were not hungry.

You visited 1 branch of the dungeon, and saw 2 of its levels.

You collected 73 gold pieces.

Inventory:

Armour
 a - a +0 robe (worn)
Scrolls
 e - 2 scrolls of remove curse {unknown}
 f - a scroll of immolation {unknown}
 g - a scroll of identify {unknown}
 k - a scroll of amnesia {unknown}
 l - a scroll of fear {unknown}
Potions
 d - a potion of brilliance {unknown}
 h - a potion of flight {unknown}
Books
 b - a book of Air

   Spells                             Type                      Level
   a - Shock                          Conjuration/Air              1
   b - Swiftness                      Charms/Air                   2
   c - Repel Missiles                 Charms/Air                   2
   d - Static Discharge               Conjuration/Air              3
   e - Lightning Bolt                 Conjuration/Air              5
Comestibles
 c - a bread ration
 i - a beef jerky
 j - a meat ration
 m - 2 fruits


   Skills:
 - Level 2.1 Dodging
 - Level 2.0 Stealth
 + Level 2.4 Spellcasting
 + Level 2.9 Conjurations
 + Level 4.8 Air Magic


You had 3 spell levels left.
You knew the following spells:

 Your Spells              Type           Power        Failure   Level  Hunger
a - Repel Missiles        Chrm/Air       #.....       12%         2    ###....
z - Shock                 Conj/Air       ##..         6%          1    #......


Dungeon Overview and Level Annotations

Branches:
Dungeon (2/15)

Altars:


Innate Abilities, Weirdness & Mutations

You have a beak for a mouth.
You have claws for feet.


Message History

Press: ? - help, Shift-Dir - straight line, f/p - Jessica
Aim: Jessica, wielding a dagger and wearing a robe (almost dead)
The zap hits Jessica.
You kill Jessica!
You have reached level 3!
Your experience leads to an increase in your attributes!
Increase (S)trength, (I)ntelligence, or (D)exterity?
You feel clever.
You now have 1/7 mp.
Casting: Shock
Confirm with . or Enter, or press ? or * to list all spells.
Aiming: Shock
Press: ? - help, Shift-Dir - straight line, f - goblin
Aim: a goblin, wielding a hunting sling The zap hits the goblin.
The goblin is heavily wounded.
You now have 0/7 mp.
Unknown command.
The goblin shoots a stone.
The stone hits you!
You die...

#.# #>........ #.#
<.g..?...# #.#
#......... ...####.####
#.).......
.....(.....###.........
#.####.##.<...........
#.######......... #.#
###(......# ##.#
#.@..)...#. #..#
###.###......
#.####.....^.>...# #.#
#..########### #.###.##
#.....# #######


You could see a goblin.

Vanquished Creatures
  Jessica (D:2)
  A dart slug (D:1)
  2 giant geckos (D:1)
  5 bats
  A goblin (D:1)
  3 hobgoblins (D:1)
  A giant newt (D:1)
  A rat (D:2)
15 creatures vanquished.

Notes
Turn   | Place    | Note
--------------------------------------------------------------
     0 | D:1      | namelastname112 the Tengu Air Elementalist began the quest for the Orb.
     0 | D:1      | Reached XP level 1. HP: 10/10 MP: 4/4
    99 | D:1      | Reached XP level 2. HP: 14/15 MP: 1/6
   830 | D:2      | Learned a level 2 spell: Repel Missiles
   850 | D:2      | Noticed Jessica
   855 | D:2      | Killed Jessica
   855 | D:2      | Reached XP level 3. HP: 3/19 MP: 1/7
   857 | D:2      | Shot with a stone by a goblin

Vault maps used:
D:1:      dpeg_arrival_round_a, minivault_14, kennysheep_minor_cross,
          minivault_24, st_stairs_8, minmay_door_square
D:2:      uniq_jessica

Skill      XL: |  1 |
---------------+----+-----
Conjurations   | 2 |  2.9
Dodging        | |  2.1
Stealth        | |  2.0
Spellcasting   | |  2.4
Air Magic      | |  4.8

Action                   || total
-------------------------++-------
 Cast: Shock             ||    30
       Repel Missiles    ||     1
Dodge: Dodged            ||     1
